AoeStats
← Comend x comend

Arena

508148497Analyzed
3v3 RM · 10d ago on Sep 21, 2026· 17m 30s· 6 players
Game mode
Random Map
Map size
Normal (6 player)
Population
200
Speed
Normal
Resources
Standard
Victory
Conquest
Starting age
Dark Age
Ending age
Imperial Age
RankedLock teamsTeams togetherTeam positionsShared explorationLock speedFull tech treeHidden civsTurbo modeCheats
Victory
Defeat
🇺🇸 Berbers · United States
1373
+14
🇺🇸 Dravidians · United States
1355
+14
🇺🇸 Slavs · United States
1338
+15
🇲🇽 Georgians · Mexico
1331
-14
🇵🇪 Saracens · Peru
1331
-15
🇺🇸 Malay · United States
1300
-14
ForseenCow
11:45 Feudal Age
14:54 Castle Age
13:35 Double-Bit Axe
13:41 Horse Collar
15:20 Bow Saw
luislm6621
8:18 Loom
10:12 Feudal Age
11:12 Town Watch
14:04 Castle Age
13:09 Double-Bit Axe
15:11 Horse Collar
Comend x comend
10:50 Feudal Age
14:49 Castle Age
13:23 Double-Bit Axe
13:44 Horse Collar
14:33 Loom
License to Boom
10:35 Feudal Age
14:08 Castle Age
12:46 Double-Bit Axe
14:08 Horse Collar
Gilboy
10:53 Feudal Age
14:33 Castle Age
13:19 Double-Bit Axe
13:16 Horse Collar
15:50 Bow Saw
GrizzlyBob
10:20 Feudal Age
14:09 Castle Age
12:38 Double-Bit Axe
14:30 Wheelbarrow
14:16 Horse Collar
15:21 Bow Saw
Connection lost

Rejoining the realm…

Still unreachable

The connection could not be restored.

Session expired

The server has moved on; the page needs a fresh start.